 Dungeon Crawl Stone Soup version 0.32-a0-12-g7fc57aa741 (webtiles) character file.

Game seed: 1096952625879401655

65 jasper the Conjurer (level 3, -1/26 HPs)
             Began as a Demigod Conjurer on Jan 14, 2024.
             Slain by an iguana (3 damage)
             ... on level 2 of the Dungeon.
             The game lasted 00:02:33 (1778 turns).

jasper the Conjurer (Demigod Conjurer)              Turns: 1778, Time: 00:02:34

Health: -1/26      AC:  4    Str:  8    XL:     3   Next: 66%
Magic:  3/8        EV: 11    Int: 24    God:
Gold:   27         SH:  0    Dex: 12    Spells: 3/6 levels left

rFire   . . .        j - +0 lajatang
rCold   . . .        (shield currently unavailable)
rNeg    . . .        i - +1 leather armour
rPois   .            (no helmet)
rElec   .            (no cloak)
rCorr   .            (no gloves)
SInv    .            (no boots)
Will    .....        (no amulet)
Stlth   ++           (no ring)
HPRegen 0.24/turn    (no ring)
MPRegen 0.11/turn

%: no passive effects
@: no status effects
A: high MP 1, forlorn, divine attributes
a: no special abilities


You were on level 2 of the Dungeon.
You visited 1 branch of the dungeon, and saw 2 of its levels.

You collected 131 gold pieces.
You spent 104 gold pieces at shops.

Inventory:

Hand Weapons
 c - a +0 short sword
 j - a +0 lajatang (weapon)
Armour
 a - a +0 robe
 i - a +1 leather armour (worn)
Scrolls
 b - a scroll of blinking {unknown}
 e - a scroll of revelation {unknown}
 f - a scroll of amnesia {unknown}
 k - a scroll of fear
 l - a scroll of fog
Potions
 d - a potion of resistance
 g - a potion of degeneration
 h - a potion of heal wounds {unknown}


   Skills:
 - Level 1.7 Dodging
 - Level 1.7 Stealth
 - Level 2.0 Spellcasting
 + Level 5.0 Conjurations


You had 3 spell levels left.
You knew the following spells:

 Your Spells              Type           Power      Damage    Failure   Level
a - Magic Dart            Conj           100%       1d8       2%          1
b - Searing Ray           Conj           52%        2d6       3%          2

Your spell library contained the following spells:

 Spells                   Type           Power      Damage    Failure   Level
 Gell's Gravitas          Tloc           2%         N/A       45%         3
 Teleport Other           Tloc           2%         N/A       45%         3
 Tukima's Dance           Hex            2%         N/A       45%         3
 Fulminant Prism          Conj/Alch      7%         3d6       52%         4
 Iskenderun's Mystic Bla  Conj/Tloc      14%        2d5       52%         4
 Dimensional Bullseye     Hex/Tloc       1%         N/A       86%         4
 Dispersal                Tloc           1%         N/A       100%        6


Dungeon Overview and Level Annotations

Branches:
Dungeon (2/15)

Shops:
D:2 *


Innate Abilities, Weirdness & Mutations

You have an increased reservoir of magic. (+10% MP)
You shall have no god before yourself.
Your divine heritage dramatically boosts your attributes as you level up.


Message History

A kobold is nearby!
Aiming: Magic Dart (safe; 2% risk of failure)
Press: ? - help, Q - select action, (/) - cycle Shift-Dir - straight line, f - kobold
Aim: a kobold, wielding a +0 short sword and quivering stones (wandering, hasn't noticed you, 100% to hit)
The magic dart hits the kobold.
You kill the kobold!
You now have 5/8 mp.
There is an escape hatch in the floor here.
You now have 27 gold pieces (gained 11).
An iguana comes into view.
The iguana hisses angrily.
The iguana moves out of view.
MP restored: 8
Found a scale mail.
Aiming: Magic Dart (safe; 2% risk of failure)
Press: ? - help, Q - select action, (/) - cycle Shift-Dir - straight line, f - iguana
Aim: an iguana (100% to hit)
The magic dart hits the iguana.
The iguana is lightly wounded.
The iguana bites you!
You take 11 damage, and have 15/26 hp.
MASSIVE DAMAGE!!
You now have 7/8 mp.
Casting: Magic Dart (safe; 2% risk of failure)
Confirm with . or Enter, or press ? or * to list all spells.
Aiming: Searing Ray (safe; 3% risk of failure)
Press: ? - help, Shift-Dir - straight line, f/p - iguana
Aim: an iguana (lightly wounded, 82% to hit)
The searing ray hits the iguana.
The iguana is moderately wounded. (Press . to maintain the ray.)
The iguana bites you!
You take 7 damage, and have 8/26 hp.
MASSIVE DAMAGE!!
You now have 5/8 mp.
The searing ray hits the iguana.
The iguana is heavily wounded.
The iguana bites you.
* * * LOW HITPOINT WARNING * * *
You take 6 damage, and have 2/26 hp.
MASSIVE DAMAGE!!
You now have 4/8 mp.
The searing ray hits the iguana but does no damage.
The iguana is heavily wounded.
The iguana bites you.
You die...

#.# #.# #.# #.# #.####
#######....# ##
#.......##.# ..
#.......##.#.#.#
#.......##@l...#
#######.......#.......#
.......>.)..............
#######.......#.#...#.##
#########.#.### # ..#..
.. ## [..


You could see an iguana.

Vanquished Creatures
  2 adders (D:2)
  2 dart slugs (D:1)
  A ribbon worm (D:2)
  2 ball pythons
  3 endoplasms (D:2)
  A giant cockroach (D:1)
  A goblin (D:2)
  6 hobgoblins
  7 jackals (D:1)
  3 kobolds
  2 bats (D:1)
  4 frilled lizards
  2 rats (D:1)
36 creatures vanquished.

Notes
Turn   | Place    | Note
-------+----------+-------------------------------------------
     0 | D:1      | jasper the Demigod Conjurer began the quest for the Orb.
     0 | D:1      | Reached XP level 1. HP: 14/14 MP: 5/5
   290 | D:1      | Reached skill level 4 in Conjurations
   352 | D:1      | Reached XP level 2. HP: 20/20 MP: 2/7
   355 | D:1      | Learned a level 2 spell: Searing Ray
  1383 | D:2      | Reached XP level 3. HP: 26/26 MP: 2/8
  1571 | D:2      | Found Tufiso's General Store.
  1575 | D:2      | Bought a scroll of fear for 52 gold pieces
  1575 | D:2      | Bought a scroll of fog for 52 gold pieces
  1729 | D:2      | Reached skill level 5 in Conjurations
  1778 | D:2      | Slain by an iguana

Illustrated notes

Levels and vault maps discovered:
D:1:      scummos_arrival_hexagon, layout_loops_ring, minmay_3d_cube
D:2:      layout_basic, basic_altar, serial_shops, shop

Skill      XL: |  1  2  3 |
---------------+----------+-----
Spellcasting   | 2 |  2.0
Conjurations   | 4 5 |  5.0
Dodging        | |  1.7
Stealth        | |  1.7

Action                     || total
---------------------------++-------
  Melee: Short sword       ||    19
         Punch             ||     1
         Lajatang          ||    10
   Cast: Magic Dart        ||    59
         Searing Ray       ||     7
    Use: Scroll            ||     3
         Potion            ||     1
 Armour: Robe              ||    15
         Leather armour    ||    14
  Dodge: Dodged            ||    32

Table legend: (Time is in decaauts)
 A = Elapsed time spent in this place.
 B = Non-inter-level travel time spent in this place.
 C = Inter-level travel time spent in this place.
 D = Time resting spent in this place.
 E = Time spent auto-exploring this place.
 F = Levels seen in this place.
 G = Mean time per level.
                   A        B        C        D        E       F      G
               +--------+--------+--------+--------+--------+-----+--------+
         Total |   1780 |   1751 |     29 |    106 |   1417 |   2 |  890.0 |
       Dungeon |   1780 |   1751 |     29 |    106 |   1417 |   2 |  890.0 |
               +--------+--------+--------+--------+--------+-----+--------+

Top non-repeatable levels by time:
     D:1: 1176 daAuts
     D:2: 604 daAuts
